 Dungeon Crawl Stone Soup version 0.31-a0-222-gefeffbb62a (webtiles) character file.

Game seed: 15647605039177933861

822 olmar the Stinger (level 7, 0/47 HPs)
             Began as a Demonspawn Venom Mage on July 5, 2023.
             Slain by an orc wizard
             ... wielding a +0 dagger
              (3 damage)
             ... on level 6 of the Dungeon.
             The game lasted 00:08:48 (5645 turns).

olmar the Stinger (Demonspawn Venom Mage)           Turns: 5645, Time: 00:08:49

Health: 0/47       AC:  3    Str:  8    XL:     7   Next: 63%
Magic:  14/14      EV: 12    Int: 18    God:
Gold:   107        SH:  0    Dex: 14    Spells: 6/16 levels left

rFire   . . .        (no weapon)
rCold   . . .        (no shield)
rNeg    . . .        a - +0 robe
rPois   .            (no helmet)
rElec   .            r - +0 cloak
rCorr   +            (no gloves)
SInv    .            (no boots)
Will    .....        e - amulet of magic regeneration
Stlth   ++           i - ring of resist corrosion
HPRegen 0.27/turn    (no ring)
MPRegen 0.54/turn

%: no passive effects
@: invisible
A: hooves 1, powered by death 1
a: no special abilities


You were on level 6 of the Dungeon.
You visited 1 branch of the dungeon, and saw 6 of its levels.

You collected 338 gold pieces.
You spent 231 gold pieces at shops.

Inventory:

Missiles
 j - 5 poisoned darts
 m - 3 boomerangs
 o - 4 atropa-tipped darts
 w - a throwing net
Armour
 a - a +0 robe (worn)
 r - a +0 cloak (worn)
Jewellery
 e - an amulet of magic regeneration (around neck)
 i - a ring of resist corrosion (left hand)
 u - an amulet of the acrobat
Wands
 l - a wand of paralysis (4)
 A - a wand of digging (7)
Scrolls
 f - a scroll of revelation {unknown}
 p - a scroll of amnesia {unknown}
 q - a scroll of blinking {unknown}
 s - 2 scrolls of silence
 v - a scroll of torment {unknown}
 y - a scroll of teleportation
 z - 2 scrolls of enchant armour
Potions
 b - 2 potions of magic
 d - 2 potions of degeneration
 g - a potion of invisibility
 h - 2 potions of might
 k - a potion of resistance
 t - a potion of enlightenment {unknown}
 x - a potion of brilliance {unknown}
 B - a potion of experience {unknown}


   Skills:
 + Level 0.9 Fighting
 + Level 2.2 Dodging
 + Level 2.1 Stealth
 + Level 5.2 Spellcasting
 - Level 3.0 Transmutations
 + Level 1.5 Air Magic
 + Level 5.6 Poison Magic


You had 6 spell levels left.
You knew the following spells:

 Your Spells              Type           Power      Damage    Failure   Level
a - Sting                 Tmut/Pois      80%        1d7       2%          1
b - Poisonous Vapours     Pois/Air       34%        N/A       4%          2
c - Mephitic Cloud        Conj/Pois/Air  13%        N/A       14%         3
d - Olgreb's Toxic Radia  Pois           25%        N/A       12%         4

Your spell library contained the following spells:

 Spells                   Type           Power      Damage    Failure   Level
 Wereblood                Tmut           15%        N/A       5%          2
 Sublimation of Blood     Necr           4%         N/A       21%         2
 Summon Hydra             Summ           2%         N/A       100%        7


Dungeon Overview and Level Annotations

Branches:
Dungeon (6/15)
 Temple: D:4-7

Altars:
Ashenzari
Dithmenos
Fedhas
Gozag
Makhleb

Shops:
D:5 ?


Innate Abilities, Weirdness & Mutations

You have large cloven feet.
You regenerate a little health from kills.


Message History

An orc wizard comes into view. It is wielding a +0 dagger.
You see here a scroll of enchant armour.
An orc wizard is nearby!
An orc wizard is nearby!
z - 2 scrolls of enchant armour (gained 1)
The orc wizard shouts!
An orc priest comes into view.
It is wielding a +1 trident of protection.
The orc priest shouts!
The sting hits the orc priest.
The orc priest is poisoned.
The orc priest is moderately wounded.
The orc priest invokes the aid of Beogh against you.
Beogh smites you!
You hear a shout!
The sting hits the orc wizard.
The orc wizard is poisoned.
The orc wizard is lightly wounded.
The orc wizard hits you with a +0 dagger.
The orc priest hits you from afar with a +1 trident of protection!
An orc comes into view. It is wielding a +0 mace of holy wrath.
The sting hits the orc wizard but does no damage.
The orc wizard looks even sicker.
The orc wizard is lightly wounded.
The orc priest mumbles some strange prayers to Beogh against you.
Beogh smites you!
* * * LOW HITPOINT WARNING * * *
The orc wizard points at you and mumbles some strange words.
The puff of flame hits you!
* * * LOW HITPOINT WARNING * * *
Unknown command.
Okay, then.
As you read the scroll of fear, it crumbles to dust.
You assume a fearsome visage.
The orc wizard resists with some effort.
The orc looks frightened!
The orc priest looks frightened!
The orc priest looks more healthy.
The orc wizard drinks a potion.
The orc wizard seems to grow stronger.
The orc wizard attacks as you move away!
The orc wizard closely misses you.
You fade into invisibility!
The orc wizard hits you with a +0 dagger.
You die...

.. #.### # #..#.
.# ..o#..## # #
...#... #.##.
##....# ...
#....# ...###o###
...##.#.@...#.#
.......†......#
.....#<.........
#................
####....!........
...............
##(.............
!.....#...#.....
.......#$?.#.<..


You could see an orc priest (unable to see you, fleeing) and an orc wizard
(strong, unable to see you, very poisoned).

Vanquished Creatures
  An ice beast (D:5)
  2 centaurs (D:5)
  Blork the orc (D:4)
  A hound (D:5)
  3 gnoll boudas
  A jelly (D:4)
  An orc priest (D:4)
  A sleepcap (D:5)
  Ijyb (D:4)
  An iguana (D:6)
  Terence (D:2)
  Robin (D:4)
  8 gnolls
  2 adders (D:2)
  A white imp (D:5)
  An ufetubus (D:5)
  3 worms (D:2)
  3 dart slugs
  7 orcs
  5 ball pythons
  8 endoplasms
  4 giant cockroaches
  7 hobgoblins
  9 jackals
  3 quokkas
  4 bats (D:1)
  3 frilled lizards
  8 goblins
  6 kobolds
  7 rats
104 creatures vanquished.

Notes
Turn   | Place    | Note
-------+----------+-------------------------------------------
     0 | D:1      | olmar the Demonspawn Venom Mage began the quest for the
                  | Orb.
     0 | D:1      | Reached XP level 1. HP: 13/13 MP: 3/3
   278 | D:1      | Gained mutation: You have large cloven feet. [demonic
                  | ancestry]
   278 | D:1      | Reached XP level 2. HP: 19/19 MP: 1/5
   404 | D:1      | Reached skill level 1 in Transmutations
   557 | D:1      | Learned a level 2 spell: Poisonous Vapours
  1168 | D:2      | Reached XP level 3. HP: 21/24 MP: 2/6
  1380 | D:2      | Noticed Terence
  1395 | D:2      | Killed Terence
  1399 | D:2      | Reached XP level 4. HP: 13/30 MP: 1/8
  2180 | D:3      | Learned a level 3 spell: Mephitic Cloud
  3051 | D:4      | Gained mutation: You regenerate a little health from kills.
                  | [demonic ancestry]
  3051 | D:4      | Reached XP level 5. HP: 31/35 MP: 1/9
  3070 | D:4      | Found a broken altar of Ashenzari.
  3288 | D:4      | Noticed Blork the orc
  3310 | D:4      | Killed Blork the orc
  3319 | D:4      | Noticed Ijyb
  3321 | D:4      | Paralysed by Ijyb for 5 turns
  3331 | D:4      | Noticed Robin
  3335 | D:4      | Killed Ijyb
  3350 | D:4      | Reached skill level 1 in Air Magic
  3350 | D:4      | Reached XP level 6. HP: 21/41 MP: 2/11
  3356 | D:4      | Killed Robin
  3523 | D:4      | Learned a level 4 spell: Olgreb's Toxic Radiance
  3914 | D:5      | Entered Level 5 of the Dungeon
  3921 | D:5      | Found Hion's Magic Scroll Shoppe.
  4027 | D:5      | Bought a scroll of fear for 56 gold pieces
  4027 | D:5      | Bought a scroll of teleportation for 42 gold pieces
  4027 | D:5      | Bought a scroll of enchant armour for 105 gold pieces
  4027 | D:5      | Bought a scroll of identify for 28 gold pieces
  4378 | D:5      | Found an opulent altar of Gozag.
  4549 | D:5      | Found a shadowy altar of Dithmenos.
  4693 | D:5      | Reached skill level 5 in Poison Magic
  4698 | D:5      | Reached XP level 7. HP: 27/47 MP: 5/13
  4957 | D:5      | Found a blossoming altar of Fedhas.
  5037 | D:5      | Found a burning altar of Makhleb.
  5416 | D:5      | Reached skill level 5 in Spellcasting
  5642 | D:6      | HP: 2/47 [orc wizard/puff of flame (8)]
  5645 | D:6      | Slain by an orc wizard

Illustrated notes

Levels and vault maps discovered:
D:1:      dpeg_arrival_rhombus, layout_basic
D:2:      layout_loops_ring, minmay_tetromino_i2, uniq_terence
D:3:      layout_basic
D:4:      layout_loops_ring, nicolae_ashenzari_skybound,
          hangedman_decor_opposing, nrook_campfire, nicolae_goblin_pals,
          uniq_blork_the_orc
D:5:      layout_basic, amcnicky_altar_gilded, bloody_makhleb,
          nicolae_dithmenos_shadow_blocks, fedhas_bush_and_centaur_altar,
          serial_shops, nicolae_inconvenience_store, serial_curves,
          eino_curves_03, eino_curves_03, st_stairs_9
D:6:      layout_cave_pools, serial_undead, serial_undead_f, serial_undead_e,
          serial_undead_c, serial_undead_b, serial_undead_c, serial_undead_e,
          serial_undead_f, serial_undead_f

Skill      XL: |  1  2  3  4  5  6  7 |
---------------+----------------------+-----
Transmutations | 1 2 3 |  3.0
Stealth        | 2 |  2.1
Poison Magic   | 4 5 |  5.6
Spellcasting   | 3 4 5 |  5.2
Air Magic      | 1 |  1.5
Dodging        | 2 |  2.2
Fighting       | |  0.9

Action                     |  1- 3 |  4- 6 |  7- 9 || total
---------------------------+-------+-------+-------++-------
  Melee: Unarmed           |    32 |     9 |     1 ||    42
         Kick              |     3 |     4 |     1 ||     8
   Cast: Sting             |    66 |   200 |    38 ||   304
         Poisonous Vapours |     2 |    11 |     5 ||    18
         Mephitic Cloud    |       |       |     2 ||     2
  Evoke: Wand              |       |     1 |       ||     1
    Use: Potion            |       |     5 |     2 ||     7
         Scroll            |       |     4 |     2 ||     6
   Stab: Paralysed         |       |     3 |       ||     3
 Armour: Robe              |    10 |    11 |     3 ||    24
  Dodge: Dodged            |    45 |    88 |    25 ||   158

Table legend: (Time is in decaauts)
 A = Elapsed time spent in this place.
 B = Non-inter-level travel time spent in this place.
 C = Inter-level travel time spent in this place.
 D = Time resting spent in this place.
 E = Time spent auto-exploring this place.
 F = Levels seen in this place.
 G = Mean time per level.
                   A        B        C        D        E       F      G
               +--------+--------+--------+--------+--------+-----+--------+
         Total |   5647 |   5407 |    240 |    883 |   3629 |   6 |  941.2 |
       Dungeon |   5647 |   5407 |    240 |    883 |   3629 |   6 |  941.2 |
               +--------+--------+--------+--------+--------+-----+--------+

Top non-repeatable levels by time:
     D:5: 1393 daAuts
     D:4: 1177 daAuts
     D:1: 1142 daAuts
     D:2: 934 daAuts
     D:3: 884 daAuts
     D:6: 115 daAuts
